NWL (28 & UNDER)
BALZAC RAMS @ CASPER GHOSTS
08/27/2030
 
TOP OF THE 1ST
Balzac Rams batting - Pitching for Casper Ghosts : LHP Sam Olson
Pitching: LHP Sam Olson
Batting: RHB Juan Jose López 0-0: Ball
1-0: Ball
2-0: Foul Ball, location: 2F
2-1: Ground out U3 (Groundball, 3)
Batting: RHB Jorge Castillo 0-0: Called Strike
0-1: Ball
1-1: TRIPLE (Flyball, 7LD)
Batting: LHB Fernando Cruz 0-0: Ground out U3 (Groundball, 34)
Jorge Castillo scores
Batting: RHB Pedro Molina 0-0: Foul Ball, location: 2F
0-1: Ground out 6-3 (Groundball, 6)
Top of the 1st over - 1 run, 1 hit, 0 errors, 0 left on base; Balzac 1 - Casper 0
BOTTOM OF THE 1ST
Casper Ghosts batting - Pitching for Balzac Rams : RHP José García
Pitching: RHP José García
Batting: SHB Esteban Aliaga 0-0: Called Strike
0-1: Foul Ball, location: 2F
0-2: Strikes out swinging
Batting: LHB Luis Rodríguez 0-0: Called Strike
0-1: Fly out, F3 (Line Drive, 3L)
Batting: LHB Ralph Cobb 0-0: Foul Ball, location: 2F
0-1: Called Strike
0-2: Fly out, F7 (Flyball, 7D)
Bottom of the 1st over - 0 runs, 0 hits, 0 errors, 0 left on base; Balzac 1 - Casper 0
TOP OF THE 2ND
Balzac Rams batting - Pitching for Casper Ghosts : LHP Sam Olson
Batting: SHB Juan Soriano 0-0: Called Strike
0-1: Ball
1-1: Foul Ball, location: 2F
1-2: Fly out, F9 (Flyball, 9LM)
Batting: RHB Sam Lynch 0-0: Called Strike
0-1: Called Strike
0-2: Strikes out swinging
Batting: RHB Edgar Juárez 0-0: Called Strike
0-1: Ball
1-1: Ball
2-1: Ball
3-1: Foul Ball, location: 2F
3-2: Strikes out looking
Top of the 2nd over - 0 runs, 0 hits, 0 errors, 0 left on base; Balzac 1 - Casper 0
BOTTOM OF THE 2ND
Casper Ghosts batting - Pitching for Balzac Rams : RHP José García
Batting: RHB Jerry Browning 0-0: Called Strike
0-1: Fly out, F8 (Flyball, 89M)
Batting: LHB George Flanagan 0-0: Called Strike
0-1: SINGLE (Groundball, 4MD)
Batting: RHB Tommy Allen 0-0: Ball
1-0: Called Strike
1-1: Foul Ball, location: 2F
1-2: Foul Ball, location: 2F
1-2: Ball
2-2: Ball
3-2: Foul Ball, location: 2F
3-2: Foul Ball, location: 2F
3-2: Fly out, F8 (Flyball, 89M)
Batting: SHB Jacob Wilcox 0-0: Ball
1-0: Swinging Strike
1-1: Ball
2-1: Ball
3-1: Base on Balls
George Flanagan to second
Batting: RHB Troy Reed 0-0: Swinging Strike
0-1: SINGLE (Groundball, 34) (infield hit)
George Flanagan to third
Jacob Wilcox to second
Batting: RHB Zhong-xian Pai 0-0: Swinging Strike
0-1: Ball
1-1: Ball
2-1: Foul Ball, location: 2F
2-2: Strikes out swinging
Bottom of the 2nd over - 0 runs, 2 hits, 0 errors, 3 left on base; Balzac 1 - Casper 0
TOP OF THE 3RD
Balzac Rams batting - Pitching for Casper Ghosts : LHP Sam Olson
Batting: RHB Thomas Bravo 0-0: Ball
1-0: Ball
2-0: Ball
3-0: Called Strike
3-1: Base on Balls
Batting: RHB Chris Forrest 0-0: Fly out, F8 (Flyball, 8RM)
Batting: RHB Juan Jose López 0-0: Ball
1-0: Swinging Strike
1-1: Ball
2-1: Swinging Strike
2-2: Strikes out looking
Batting: RHB Jorge Castillo 0-0: Foul Ball, location: 2F
0-1: Called Strike
0-2: Ball
1-2: Foul Ball, location: 2F
1-2: Foul Ball, location: 2F
1-2: DOUBLE (Line Drive, 78D)
Thomas Bravo to third
Batting: LHB Fernando Cruz 0-0: Called Strike
0-1: Ball
1-1: Swinging Strike
1-2: Fly out, F8 (Line Drive, 8RXD)
Top of the 3rd over - 0 runs, 1 hit, 0 errors, 2 left on base; Balzac 1 - Casper 0
BOTTOM OF THE 3RD
Casper Ghosts batting - Pitching for Balzac Rams : RHP José García
Batting: SHB Esteban Aliaga 0-0: Ball
1-0: Ball
2-0: Swinging Strike
2-1: Foul Ball, location: 2F
2-2: Ball
3-2: Strikes out swinging
Batting: LHB Luis Rodríguez 0-0: Called Strike
0-1: Called Strike
0-2: Ball
1-2: Foul Ball, location: 2F
1-2: Ball
2-2: Ball
3-2: Foul Ball, location: 2F
3-2: Fly out, F7 (Flyball, 7LS)
Batting: LHB Ralph Cobb 0-0: Ball
1-0: Ball
2-0: Ball
3-0: Base on Balls
Batting: RHB Jerry Browning 0-0: Ball
1-0: Called Strike
1-1: Ball
2-1: Foul Ball, location: 2F
2-2: Ball
3-2: Base on Balls
Ralph Cobb to second
Batting: LHB George Flanagan 0-0: Ball
1-0: Foul Ball, location: 2F
1-1: Foul Ball, location: 2F
1-2: SINGLE (Groundball, 34D)
Ralph Cobb to third
Jerry Browning to second
Runner from 3rd tries for Home, SAFE, no throw
Batting: RHB Tommy Allen 0-0: Foul Ball, location: 2F
0-1: Fielders Choice at 2nd, 6-4 (Groundball, 6)
Bottom of the 3rd over - 1 run, 1 hit, 0 errors, 2 left on base; Balzac 1 - Casper 1
TOP OF THE 4TH
Balzac Rams batting - Pitching for Casper Ghosts : LHP Sam Olson
Batting: RHB Pedro Molina 0-0: Ball
1-0: Called Strike
1-1: SINGLE (Groundball, 6MD)
Batting: SHB Juan Soriano 0-0: Called Strike
0-1: Called Strike
0-2: Ball
1-2: Foul Ball, location: 2F
1-2: Ball
2-2: Strikes out looking
Batting: RHB Sam Lynch 0-0: Ground out 6-3 (Groundball, 6S)
Pedro Molina to second
Batting: RHB Edgar Juárez 0-0: Called Strike
0-1: Foul Ball, location: 2F
0-2: Fly out, F6 (Popup, 6M)
Top of the 4th over - 0 runs, 1 hit, 0 errors, 1 left on base; Balzac 1 - Casper 1
BOTTOM OF THE 4TH
Casper Ghosts batting - Pitching for Balzac Rams : RHP José García
Batting: SHB Jacob Wilcox 0-0: Fly out, F9 (Flyball, 9)
Batting: RHB Troy Reed 0-0: Ball
1-0: Ball
2-0: Called Strike
2-1: SINGLE (Groundball, 34S) (infield hit)
Batting: RHB Zhong-xian Pai 0-0: Ball
Troy Reed steals 2nd base
1-0: Ball
2-0: Ball
3-0: Base on Balls
Batting: SHB Esteban Aliaga 0-0: Called Strike
0-1: Ball
1-1: Ball
2-1: Called Strike
2-2: Foul Ball, location: 2F
2-2: Strikes out swinging
Batting: LHB Luis Rodríguez 0-0: Called Strike
0-1: Ball
1-1: Ball
2-1: Foul Ball, location: 2F
2-2: Ball
3-2: SINGLE (Groundball, 6D)
Troy Reed to third
Zhong-xian Pai to second
Troy Reed scores
Zhong-xian Pai to third
Batting: LHB Ralph Cobb 0-0: Foul Ball, location: 2F
0-1: DOUBLE (Line Drive, 78D)
Zhong-xian Pai scores
Luis Rodríguez to third
Runner from 3rd tries for Home, SAFE, no throw
Batting: RHB Jerry Browning 0-0: Ball
1-0: Ball
2-0: Ball
3-0: Base on Balls
Batting: LHB George Flanagan 0-0: SINGLE (Groundball, 25) (infield hit)
Ralph Cobb to third
Jerry Browning to second
Batting: RHB Tommy Allen 0-0: Ball
1-0: Foul Ball, location: 2F
1-1: Foul Ball, location: 2F
1-2: Strikes out swinging
Bottom of the 4th over - 3 runs, 4 hits, 0 errors, 3 left on base; Balzac 1 - Casper 4
TOP OF THE 5TH
Balzac Rams batting - Pitching for Casper Ghosts : LHP Sam Olson
Batting: RHB Thomas Bravo 0-0: Called Strike
0-1: Ball
1-1: Foul Ball, location: 2F
1-2: Ground out 5-3 (Groundball, 56)
Batting: RHB Chris Forrest 0-0: Ball
1-0: Swinging Strike
1-1: Swinging Strike
1-2: Strikes out swinging
Batting: RHB Juan Jose López 0-0: Called Strike
0-1: SINGLE (Flyball, 8LS)
Batting: RHB Jorge Castillo 0-0: Ball
1-0: Ball
2-0: Ball
3-0: Fly out, F8 (Flyball, 78M)
Top of the 5th over - 0 runs, 1 hit, 0 errors, 1 left on base; Balzac 1 - Casper 4
BOTTOM OF THE 5TH
Casper Ghosts batting - Pitching for Balzac Rams : RHP José García
Pitching: RHP Kelly Woodside
Batting: SHB Jacob Wilcox 0-0: Ball
1-0: Ground out 4-3 (Groundball, 4)
Batting: RHB Troy Reed 0-0: Swinging Strike
0-1: Swinging Strike
0-2: Ball
1-2: Strikes out swinging
Batting: RHB Zhong-xian Pai 0-0: Ground out 4-3 (Groundball, 4)
Bottom of the 5th over - 0 runs, 0 hits, 0 errors, 0 left on base; Balzac 1 - Casper 4
TOP OF THE 6TH
Balzac Rams batting - Pitching for Casper Ghosts : LHP Sam Olson
Batting: LHB Fernando Cruz 0-0: Ball
1-0: Foul Ball, location: 2F
1-1: SINGLE (Groundball, 4) (infield hit)
Batting: RHB Pedro Molina 0-0: Ball
1-0: Ball
2-0: Called Strike
2-1: Ball
3-1: Foul Ball, location: 2F
3-2: Foul Ball, location: 2F
3-2: Base on Balls
Fernando Cruz to second
Batting: SHB Juan Soriano 0-0: Called Strike
0-1: Fly out, F7 (Flyball, 7)
Batting: RHB Sam Lynch 0-0: Ball
Wild Pitch!
Fernando Cruz to third
Pedro Molina to second
1-0: Swinging Strike
1-1: Foul Ball, location: 2F
1-2: Foul Ball, location: 2F
1-2: Ball
2-2: Strikes out swinging
Batting: RHB Edgar Juárez 0-0: Ball
1-0: 3-RUN HOME RUN (Line Drive, 9LD), Distance : 385 ft
Batting: RHB Thomas Bravo 0-0: Called Strike
0-1: Called Strike
0-2: Strikes out swinging
Top of the 6th over - 3 runs, 2 hits, 0 errors, 0 left on base; Balzac 4 - Casper 4
BOTTOM OF THE 6TH
Casper Ghosts batting - Pitching for Balzac Rams : RHP Kelly Woodside
Batting: SHB Esteban Aliaga 0-0: Fly out, F5 (Popup, 25F)
Batting: LHB Luis Rodríguez 0-0: Ground out 4-3 (Groundball, 4)
Batting: LHB Ralph Cobb 0-0: Ball
1-0: Ball
2-0: Foul Ball, location: 2F
2-1: Ball
3-1: Base on Balls
Batting: RHB Jerry Browning 0-0: Ball
1-0: Fielders Choice at 2nd, 6-4 (Groundball, 6)
Bottom of the 6th over - 0 runs, 0 hits, 0 errors, 1 left on base; Balzac 4 - Casper 4
TOP OF THE 7TH
Balzac Rams batting - Pitching for Casper Ghosts : LHP Sam Olson
Pinch Hitting: RHB Elliott Horn 0-0: Foul Ball, location: 2F
0-1: Fly out, F8 (Flyball, 8RM)
Batting: RHB Juan Jose López 0-0: Ball
1-0: Ball
2-0: SINGLE (Groundball, 6) (infield hit)
Pinch Hitting: RHB Gunner Allen 0-0: Called Strike
0-1: Ball
1-1: Ball
2-1: SINGLE (Line Drive, 5D)
Juan Jose López to second
Pitching: RHP Michael Peterson
Batting: LHB Fernando Cruz 0-0: Ball
1-0: Called Strike
1-1: Foul Ball, location: 2F
1-2: Ball
2-2: Foul Ball, location: 2F
2-2: Ball
3-2: Fly out, F9 (Line Drive, 9)
Batting: RHB Pedro Molina 0-0: Foul Ball, location: 2F
0-1: Ground out 5-3 (Groundball, 56)
Top of the 7th over - 0 runs, 2 hits, 0 errors, 2 left on base; Balzac 4 - Casper 4
BOTTOM OF THE 7TH
Casper Ghosts batting - Pitching for Balzac Rams : RHP Kelly Woodside
Pitching: RHP John Dickson
Now at 3B: Elliott Horn
Now in RF: Curt Eastham
Batting: LHB George Flanagan 0-0: Called Strike
0-1: Ball
1-1: Foul Ball, location: 2F
1-2: Foul Ball, location: 2F
1-2: Strikes out swinging
Batting: RHB Tommy Allen 0-0: Ball
1-0: Called Strike
1-1: Called Strike
1-2: Strikes out swinging
Batting: SHB Jacob Wilcox 0-0: Foul Ball, location: 2F
0-1: DOUBLE (Flyball, 8LXD)
Batting: RHB Troy Reed 0-0: Called Strike
0-1: Foul Ball, location: 2F
0-2: Ball
1-2: Ball
2-2: Foul Ball, location: 2F
2-2: Foul Ball, location: 2F
2-2: Fly out, F9 (Line Drive, 89D)
Bottom of the 7th over - 0 runs, 1 hit, 0 errors, 1 left on base; Balzac 4 - Casper 4
TOP OF THE 8TH
Balzac Rams batting - Pitching for Casper Ghosts : RHP Michael Peterson
Batting: SHB Juan Soriano 0-0: Ground out 5-3 (Groundball, 5)
Batting: RHB Sam Lynch 0-0: Called Strike
0-1: Ball
1-1: Foul Ball, location: 2F
1-2: Ball
2-2: Fly out, F7 (Flyball, 7S)
Batting: RHB Edgar Juárez 0-0: Ball
1-0: Called Strike
1-1: Fly out, F3 (Popup, 3S)
Top of the 8th over - 0 runs, 0 hits, 0 errors, 0 left on base; Balzac 4 - Casper 4
BOTTOM OF THE 8TH
Casper Ghosts batting - Pitching for Balzac Rams : RHP John Dickson
Pinch Hitting: LHB Ronald Gordon 0-0: Foul Ball, location: 2F
0-1: Foul Ball, location: 2F
0-2: Ball
1-2: Ball
2-2: Foul Ball, location: 2F
2-2: Fly out, F7 (Flyball, 7LSF)
Batting: SHB Esteban Aliaga 0-0: SINGLE (Groundball, 3S) (infield hit)
Batting: LHB Luis Rodríguez 0-0: Ball
Esteban Aliaga is caught stealing 2nd base
1-0: Ball
2-0: Ball
3-0: Base on Balls
Batting: LHB Ralph Cobb 0-0: Called Strike
0-1: Called Strike
0-2: Ball
1-2: Ball
2-2: Strikes out swinging
Bottom of the 8th over - 0 runs, 1 hit, 0 errors, 1 left on base; Balzac 4 - Casper 4
TOP OF THE 9TH
Balzac Rams batting - Pitching for Casper Ghosts : RHP Michael Peterson
Pitching: RHP Pablo Lima
Now at SS: Henry Morris
Batting: RHB Thomas Bravo 0-0: Foul Ball, location: 2F
0-1: Called Strike
0-2: Ball
1-2: Ball
2-2: Foul Ball, location: 2F
2-2: Ball
3-2: Base on Balls
Pinch Runner at 1st Raúl Colomo:
Batting: RHB Elliott Horn 0-0: Ball
1-0: Foul Ball, location: 2F
1-1: Ball
2-1: Ball
3-1: Called Strike
3-2: Base on Balls
Raúl Colomo to second
Batting: RHB Juan Jose López 0-0: Fly out, F9 (Flyball, 9)
Runner from 2nd tags up, SAFE at 3rd with throw
Pinch Hitting: RHB Marcos Pérez 0-0: Called Strike
0-1: Swinging Strike
0-2: Foul Ball, location: 2F
0-2: Strikes out swinging
Batting: LHB Fernando Cruz 0-0: DOUBLE (Line Drive, 9LM)
Raúl Colomo scores
Elliott Horn to third
Runner from 3rd tries for Home, SAFE, throw made at trailing runner, OUT at third!
Top of the 9th over - 2 runs, 1 hit, 0 errors, 0 left on base; Balzac 6 - Casper 4
BOTTOM OF THE 9TH
Casper Ghosts batting - Pitching for Balzac Rams : RHP John Dickson
Now at 3B: Marcos Pérez
Now in RF: Alejandro Martínez
Batting: RHB Jerry Browning 0-0: Ball
1-0: Called Strike
1-1: Foul Ball, location: 2F
1-2: Foul Ball, location: 2F
1-2: Foul Ball, location: 2F
1-2: Ball
2-2: Foul Ball, location: 2F
2-2: Ball
3-2: Strikes out swinging
Batting: LHB George Flanagan 0-0: Ball
1-0: Ball
2-0: Called Strike
2-1: Called Strike
2-2: Fly out, F8 (Flyball, 78D)
Batting: RHB Tommy Allen 0-0: Ball
1-0: Foul Ball, location: 2F
1-1: Ball
2-1: SOLO HOME RUN (Flyball, 7LD), Distance : 383 ft
Batting: SHB Jacob Wilcox 0-0: Ball
1-0: SINGLE (Groundball, 6MD)
Pitching: LHP Martin Balsano
Batting: RHB Troy Reed 0-0: Ground out 4-3 (Groundball, 34S)
Bottom of the 9th over - 1 run, 2 hits, 0 errors, 1 left on base; Balzac 6 - Casper 5
Saturday, April 7th, 2018 - OOTP Baseball 18.8 Build 76